 Dungeon Crawl Stone Soup version 0.31.0-11-ge490571c62 (webtiles) character file.

Game seed: 7907925773573133538

1535 sanka the Carver (level 8, -1/66 HPs)
             Began as a Minotaur Fighter on Jan 31, 2024.
             Succumbed to an orc's poison
             ... on level 6 of the Dungeon on Feb 1, 2024.
             The game lasted 00:07:12 (4691 turns).

sanka the Carver (Minotaur Fighter)                 Turns: 4691, Time: 00:07:13

Health: -1/66      AC: 11    Str: 21    XL:     8   Next: 55%
Magic:  7/7        EV:  5    Int:  5    God:
Gold:   357        SH:  4    Dex: 12    Spells: 7/7 levels left

rFire   . . .        a - +2 demon blade (vamp)
rCold   . . .        c - +0 buckler
rNeg    . . .        w - +0 plate armour
rPois   .            (helmet restricted)
rElec   .            (no cloak)
rCorr   .            (no gloves)
SInv    .            (no boots)
Will    .....        (no amulet) Stlth
                     (no ring)
HPRegen 0.31/turn    u - ring of flight
MPRegen 0.10/turn

%: no passive effects
@: lethally poisoned (-1 -> -16), flying
A: horns 2, retaliatory headbutt
a: no special abilities


You were on level 6 of the Dungeon.
You visited 2 branches of the dungeon, and saw 7 of its levels.

You collected 357 gold pieces.


Innate Abilities, Weirdness & Mutations

You have a pair of horns on your head.
You reflexively headbutt those who attack you in melee.


   Skills:
 - Level 4.0 Fighting
 + Level 12.1 Long Blades
 - Level 4.0 Maces & Flails
 - Level 3.6 Armour
 - Level 3.6 Shields


You had 7 spell levels left.
You didn't know any spells.
Your spell library contained the following spells:

 Spells                   Type           Power      Damage    Failure   Level
 Freeze                   Ice            0%         1d3       100%        1
 Sting                    Conj/Alch      0%         1d3       100%        1
 Blink                    Tloc           0%         N/A       100%        2
 Lesser Beckoning         Tloc           0%         N/A       100%        2
 Mercury Vapours          Alch/Air       0%         N/A       100%        2
 Momentum Strike          Conj/Tloc      0%         3d8       100%        2
 Frozen Ramparts          Ice            0%         1d1       100%        3
 Hailstorm                Conj/Ice       0%         3d5       100%        3
 Olgreb's Toxic Radiance  Alch           0%         N/A       100%        4

Inventory:

Hand Weapons
 a - a +2 vampiric demon blade (weapon)
 b - a +0 great sword
 m - a +0 flail
Missiles
 t - 8 javelins (quivered)
Armour
 c - a +0 buckler (worn)
 w - a +0 plate armour (worn)
Jewellery
 u - a ring of flight (right hand)
Wands
 o - a wand of iceblast (13)
Scrolls
 e - a scroll of teleportation {unknown}
 i - 2 scrolls of poison {unknown}
 j - a scroll of amnesia {unknown}
 k - a scroll of revelation {unknown}
 n - 2 scrolls of identify {unknown}
 q - a scroll of blinking {unknown}
Potions
 d - a potion of might
 f - a potion of magic {unknown}
 g - 3 potions of invisibility {unknown}
 h - a potion of degeneration {unknown}
 l - 4 potions of curing {unknown}
 p - a potion of resistance {unknown}
 r - a potion of brilliance {unknown}
 s - 2 potions of lignification {unknown}
 v - 2 potions of ambrosia {unknown}
 x - 3 potions of mutation {unknown}

Dungeon Overview and Level Annotations

Branches:
Dungeon (6/15)             Temple (1/1) D:4

Altars:
Ashenzari
Cheibriados
Dithmenos
Elyvilon
Fedhas
Gozag
Hepliaklqana
Makhleb
Nemelex Xobeh
Okawaru
Qazlal
Ru
Sif Muna
Trog
Uskayaw
Xom
Yredelemnul
Zin

Shops:
D:1

[ ▒▒▒..▒ .▒
▒▒▒▒....▒ ..▒
▒....▒▒.. ▒..
▒▒▒▒▒▒▒.▒▒▒▒▒▒.
..▒ ▒.......▒ ▒
▒.▒ ▒▒.▒▒▒▒▒▒▒
▒.▒ ▒..▒
▒.▒▒▒.▒▒
▒▒▒o)H..▒
▒...▒▒▒▒▒ ▒.▒.▒
▒ ▒)▒ ▒.....▒
......▒
.......▒
........▒
▒▒▒▒▒▒.....


You could see an orc.


Message History

* * * LOW HITPOINT WARNING * * *
The orc warrior burns you.
* * * LOW HITPOINT WARNING * * *
The orc barely misses you.
You hit the orc warrior but do no damage.
The orc warrior is severely wounded.
You feel sick.
You closely miss the orc warrior. Your headbutt misses the orc warrior.
The orc warrior is severely wounded.
You feel sick.
The orc warrior hits you with a +2 battleaxe of flaming.
* * * LOW HITPOINT WARNING * * *
The orc warrior burns you.
* * * LOW HITPOINT WARNING * * *
The orc hits you from afar with a +1 trident of venom.
* * * LOW HITPOINT WARNING * * *
You are lethally poisoned!
You hit the orc warrior.
The orc warrior is severely wounded.
* * * LOW HITPOINT WARNING * * *
You feel very sick.
The orc warrior hits you with a +2 battleaxe of flaming!
* * * LOW HITPOINT WARNING * * *
The orc warrior burns you.
* * * LOW HITPOINT WARNING * * *
You block the orc's attack.
You slash the orc warrior!
You kill the orc warrior!
You die...

Action                     |  1- 3 |  4- 6 |  7- 9 || total
---------------------------+-------+-------+-------++-------
  Melee: Flail             |    57 |       |       ||    57
         Headbutt          |     9 |    22 |    14 ||    45
         Demon blade       |    39 |   123 |    89 ||   251
    Use: Potion            |       |       |     1 ||     1
 Armour: Scale mail        |    64 |    93 |    10 ||   167
         Plate armour      |       |       |   128 ||   128
  Dodge: Dodged            |    50 |    59 |    24 ||   133
  Block: Buckler           |    19 |    30 |    15 ||    64

Levels and vault maps discovered:
D:1:      onia_arrival_mini_maze, layout_basic, serial_shops, shop_statue
D:2:      layout_rooms, serial_aquarium, aquarium_bridge_square
          [aquarium_subvault_bridge, aquarium_subvault_wall,
          aquarium_subvault_wall, aquarium_subvault_wall], aquarium_window_fake,
          aquarium_window_2, aquarium_view_4, aquarium_balcony_double_3,
          aquarium_pool_S, kennysheep_generic_room_14
D:3:      layout_basic, serial_forest, infiniplex_forest_clump_double,
          infiniplex_forest_lined_3_way, infiniplex_forest_end_double,
          infiniplex_forest_end_double, infiniplex_forest_straight_3,
          minmay_misc_feat_columns, uniq_terence, uniq_robin
D:4:      layout_basic, minmay_temple_entry_offerings, st_stairs_6
D:5:      layout_rooms
D:6:      layout_rooms, mrwooster_statue_mirror, uniq_grinder, uniq_sigmund
Temple:   dpeg_three_leaves_temple

Notes
Turn   | Place    | Note
-------+----------+-------------------------------------------
     0 | D:1      | sanka the Minotaur Fighter began the quest for the Orb.
     0 | D:1      | Reached XP level 1. HP: 19/19 MP: 0/0
    61 | D:1      | Reached skill level 4 in Fighting
    77 | D:1      | Found Weitahil's Antique Armour Emporium.
   165 | D:1      | Reached skill level 3 in Maces & Flails
   165 | D:1      | Reached XP level 2. HP: 27/27 MP: 1/1
   832 | D:2      | Reached skill level 4 in Maces & Flails
   832 | D:2      | Reached XP level 3. HP: 27/33 MP: 2/2
  1072 | D:2      | Reached skill level 1 in Long Blades
  1141 | D:2      | Reached skill level 2 in Long Blades
  1422 | D:3      | Noticed Terence
  1426 | D:3      | Killed Terence
  1427 | D:3      | Reached skill level 3 in Long Blades
  1427 | D:3      | Reached XP level 4. HP: 27/40 MP: 3/3
  1523 | D:3      | Noticed Robin
  1537 | D:3      | Killed Robin
  1550 | D:3      | Reached skill level 4 in Long Blades
  1550 | D:3      | Reached XP level 5. HP: 39/46 MP: 4/4
  2653 | D:4      | Reached skill level 5 in Long Blades
  2951 | D:4      | Found a staircase to the Ecumenical Temple.
  3061 | Temple   | Entered the Ecumenical Temple
  3157 | D:5      | Entered Level 5 of the Dungeon
  3168 | D:4      | Reached skill level 6 in Long Blades
  3168 | D:4      | Reached XP level 6. HP: 43/52 MP: 5/5
  3344 | D:5      | Reached skill level 7 in Long Blades
  3540 | D:5      | Reached skill level 8 in Long Blades
  3540 | D:5      | Reached XP level 7. HP: 56/59 MP: 6/6
  3650 | D:5      | Noticed a wyvern
  3658 | D:5      | Killed a wyvern
  3659 | D:5      | Reached skill level 9 in Long Blades
  4181 | D:5      | Reached skill level 10 in Long Blades
  4223 | D:6      | Noticed Grinder
  4224 | D:6      | Paralysed by Grinder for 4 turns
  4369 | D:6      | Noticed Sigmund
  4381 | D:5      | Reached XP level 8. HP: 43/66 MP: 7/7
  4506 | D:5      | Killed Sigmund
  4507 | D:5      | Reached skill level 11 in Long Blades
  4560 | D:6      | Paralysed by Grinder for 4 turns
  4571 | D:6      | Killed Grinder
  4675 | D:6      | Reached skill level 12 in Long Blades
  4690 | D:6      | HP: 4/66 [orc warrior/+2 battleaxe of flaming (10)]
  4690 | D:6      | HP: 1/66 [orc warrior/+2 battleaxe of flaming (3)]
  4691 | D:6      | Succumbed to an orc's poison

Vanquished Creatures
  Grinder (D:6)
  Sigmund (D:5)
  A wyvern (D:5)
  An orc warrior (D:6)
  A centaur (D:5)
  2 phantoms (D:5)
  3 scorpions
  2 howler monkeys
  4 jellies
  A bombardier beetle (D:5)
  A gnoll bouda (D:5)
  Terence (D:3)
  3 iguanas
  2 orc wizards (D:5)
  Robin (D:3)
  8 gnolls
  3 adders
  A shadow imp (D:6)
  2 ufetubi (D:5)
  A dart slug (D:1)
  2 ribbon worms (D:2)
  11 orcs
  10 endoplasms
  A giant cockroach (D:1)
  15 goblins
  10 hobgoblins
  6 kobolds
  4 quokkas
  4 ball pythons
  8 bats
  3 frilled lizards
  6 rats
120 creatures vanquished.

Vanquished Creatures (others)
  A goblin (D:3)
  A hobgoblin (D:3)
2 creatures vanquished.

Grand Total: 122 creatures vanquished
